 Dungeon Crawl Stone Soup version 0.30-a0-634-g8abc85282e (webtiles) character file.

Game seed: 5399077073327858219

0 Leeroy the Grasshopper (level 1, -2/12 HPs)
             Began as a Tengu Warper on Jan 14, 2023.
             Slain by a quokka (3 damage)
             ... on level 1 of the Dungeon.
             The game lasted 00:00:07 (23 turns).

Leeroy the Grasshopper (Tengu Warper)                 Turns: 23, Time: 00:00:07

Health: -2/12      AC:  3    Str: 11    XL:     1   Next: 10%
Magic:  4/4        EV: 11    Int: 13    God:
Gold:   9          SH:  0    Dex: 13    Spells: 4/4 levels left

rFire   . . .      SeeInvis .    a - +0 falchion
rCold   . . .      Faith    .    (no shield)
rNeg    . . .      Spirit   .    b - +0 leather armour
rPois   .          Reflect  .    (helmet restricted)
rElec   .          Harm     .    (no cloak)
rCorr   .          Rampage  .    (no gloves)
Will    .....                    (boots unavailable)
Stlth   +                        (no amulet)
HPRegen 0.22/turn                (no ring)
MPRegen 0.09/turn                (no ring)

@: no status effects
A: beak, talons 3
a: no special abilities


You were on level 1 of the Dungeon.
You visited 1 branch of the dungeon, and saw 1 of its levels.

You collected 9 gold pieces.

Inventory:

Hand Weapons
 a - a +0 falchion (weapon)
Missiles
 d - 7 boomerangs of dispersal (quivered)
Armour
 b - a +0 leather armour (worn)
Scrolls
 c - a scroll of blinking


   Skills:
 - Level 2.0 Fighting
 + Level 2.2 Long Blades
 - Level 1.0 Throwing
 - Level 1.1 Armour
 - Level 2.1 Dodging
 - Level 2.0 Spellcasting
 - Level 2.4 Translocations


You had 4 spell levels left.
You didn't know any spells.
Your spell library contained the following spells:

 Spells                   Type           Power      Damage    Failure   Level
 Blink                    Tloc           14%        N/A       19%         2
 Lesser Beckoning         Tloc           14%        N/A       36%         3
 Teleport Other           Tloc           7%         N/A       36%         3
 Vhi's Electric Charge    Tloc/Air       8%         N/A       52%         3
 Manifold Assault         Tloc           7%         N/A       77%         4


Dungeon Overview and Level Annotations

Branches:
Dungeon (1/15)

Altars:


Innate Abilities, Weirdness & Mutations

You have a beak for a mouth.
You have claws for feet.


Message History

Press ? for a list of commands and other information.
Found a staircase leading out of the dungeon.
As you open the door, it creaks loudly!
There is an open door here.
You now have 9 gold pieces.
A kobold comes into view.
It is wielding a +1 short sword of protection.
A kobold is nearby!
The kobold shouts!
The kobold throws a stone.
The stone hits you but does no damage.
A quokka comes into view.
Found a scroll labelled GUGISU USYBONU.
The kobold hits you but does no damage.
You hit the kobold. Your kick misses the kobold.
The kobold is moderately wounded.
The kobold barely misses you.
You hit the kobold but do no damage. Your kick misses the kobold.
The kobold hits you with a +1 short sword of protection.
You hit the kobold but do no damage. Your kick misses the kobold.
You peck the kobold.
The kobold is moderately wounded.
The kobold hits you with a +1 short sword of protection.
You barely miss the kobold. You claw the kobold, but do no damage.
Your peck misses the kobold.
The kobold is moderately wounded.
The quokka misses you.
The kobold hits you with a +1 short sword of protection.
You are too injured to fight recklessly!
You miss the kobold. You claw the kobold.
You kill the kobold!
The quokka bites you but does no damage.
The quokka twitches its whiskers.
The quokka bites you.
* * * LOW HITPOINT WARNING * * *
The quokka bites you.
* * * LOW HITPOINT WARNING * * *
Things that are here:
a +1 short sword of protection; 4 stones; a kobold corpse You barely miss the quokka.
Your kick misses the quokka.
The quokka bites you but does no damage.
You miss the quokka. Your kick misses the quokka. The quokka bites you.
You die...

#########
##........
#...##########
#'#........@.#
#<#.###....r.......
#+#..##.####.###.?.
#....##.# .# #
##...##.. .#
##.####. .. #.# .#
## #.# .# #.#


You could see a quokka.

Vanquished Creatures
  A kobold (D:1)
1 creature vanquished.

Notes
Turn   | Place    | Note
-------+----------+-------------------------------------------
     0 | D:1      | Leeroy the Tengu Warper began the quest for the Orb.
     0 | D:1      | Reached XP level 1. HP: 12/12 MP: 4/4
    23 | D:1      | Slain by a quokka

Illustrated notes

Levels and vault maps discovered:
D:1:      dpeg_arrival_tiny_b, layout_loops_ring

Action                   || total
-------------------------++-------
Melee: Falchion          ||     7
       Kick              ||     2
       Peck              ||     1
Armor: Leather armour    ||     4
Dodge: Dodged            ||     2

Table legend: (Time is in decaauts)
 A = Elapsed time spent in this place.
 B = Non-inter-level travel time spent in this place.
 C = Inter-level travel time spent in this place.
 D = Time resting spent in this place.
 E = Time spent auto-exploring this place.
 F = Levels seen in this place.
 G = Mean time per level.
                   A        B        C        D        E       F      G
               +--------+--------+--------+--------+--------+-----+--------+
         Total |     24 |     24 |      0 |      0 |      9 |   1 |   24.0 |
       Dungeon |     24 |     24 |      0 |      0 |      9 |   1 |   24.0 |
               +--------+--------+--------+--------+--------+-----+--------+

Top non-repeatable levels by time:
     D:1: 24 daAuts
